 Dungeon Crawl Stone Soup version 0.28-a0-834-g1a73be5ee4 (webtiles) character file.

Game seed: 878483573659421737

17973 jasper the Scribe (level 12, 0/92 HPs)
             Began as a Demonspawn Hedge Wizard on Nov 11, 2021.
             Was a Priest of Sif Muna.
             Succumbed to a black mamba's poison
             ... on level 1 of the Lair of Beasts.
             The game lasted 00:38:34 (18321 turns).

jasper the Scribe (Demonspawn Hedge Wizard)        Turns: 18321, Time: 00:38:35

Health: 0/92       AC: 13    Str: 11    XL:     12   Next: 23%
Magic:  4/24       EV: 14    Int: 21    God:    Sif Muna [***...]
Gold:   1153       SH:  0    Dex: 16    Spells: 4/27 levels left

rFire   . . .      SeeInvis .   C - +2 spear (freeze)
rCold   . . .      Faith    .   (no shield)
rNeg    . . .      Spirit   .   u - +0 robe of the Morning Star {rF- Will+++ Regen+ rCorr}
rPois   .          Reflect  .   p - +0 helmet
rElec   .          Harm     .   D - +0 cloak
rCorr   +          Rampage  .   A - +2 pair of gloves
Will    +++..                   l - +1 pair of boots
Stlth   ++++......              (no amulet)
HPRegen 1.25/turn               d - ring of protection from fire
MPRegen 0.19/turn               y - +4 ring of protection

@: lethally poisoned (0 -> -3)
A: thin skeletal structure 2, demonic guardian 2, powered by death 1, weakness
stinger 2
a: Renounce Religion, Channel Magic, Forget Spell


You were on level 1 of the Lair of Beasts.
You worshipped Sif Muna.
Sif Muna was most pleased with you.
You visited 4 branches of the dungeon, and saw 16 of its levels.
You also visited: Ossuary.

You collected 1153 gold pieces.

Inventory:

Hand Weapons
 a - a +0 dagger
 h - a +1 short sword
 i - a +0 hand axe of freezing
 s - a +3 hand axe
 t - a +2 flail of protection
 w - a +2 quarterstaff of chaos
 x - a +1 whip of freezing
 C - a +2 spear of freezing (weapon)
 T - a +2 vorpal quarterstaff
Missiles
 f - 70 poisoned darts
 g - 377 stones
 j - 23 boomerangs
 m - 6 curare-tipped darts
 n - 5 javelins
Armour
 b - a +0 robe
 c - a +0 hat
 l - a +1 pair of boots (worn)
 p - a +0 helmet (worn)
 u - the +0 robe of the Morning Star (worn) {rF- Will+++ Regen+ rCorr}
   (You found it on level 4 of the Dungeon)

   rF:        It makes you vulnerable to fire.
   Regen:     It increases your rate of health regeneration.
   rCorr:     It protects you from acid and corrosion.
   Will:      It greatly increases your willpower.
 A - a +2 pair of gloves (worn)
 D - a +0 cloak (worn)
 O - +0 acid dragon scales
 R - a +0 buckler
 X - a +2 leather armour of poison resistance
Jewellery
 d - a ring of protection from fire (left hand)
 k - a ring of flight
 y - a +4 ring of protection (right hand)
 z - a +4 ring of protection
 J - a ring of positive energy
Wands
 M - a wand of charming (4)
 S - a wand of polymorph (14)
 V - a wand of iceblast (5)
Scrolls
 e - 3 scrolls of amnesia
 o - 3 scrolls of noise
 q - 2 scrolls of immolation
 F - 2 scrolls of enchant weapon
 I - 4 scrolls of teleportation
 N - 2 scrolls of magic mapping
 W - a scroll of vulnerability
Potions
 r - a potion of attraction
 v - 5 potions of mutation
 B - a potion of might
 E - a potion of invisibility
 G - a potion of curing
 H - 2 potions of degeneration
 K - 3 potions of heal wounds
 L - a potion of brilliance
 P - a potion of berserk rage
 Q - a potion of haste
 U - a potion of lignification


   Skills:
 - Level 7.7 Fighting
 - Level 5.0 Dodging
 - Level 1.7 Stealth
 - Level 8.1 Spellcasting
 - Level 9.0 Conjurations
 - Level 1.7 Hexes
 + Level 4.9 Summonings
 - Level 2.3 Translocations
 - Level 7.0 Fire Magic
 - Level 3.6 Air Magic
 - Level 4.0 Poison Magic
 - Level 9.6 Invocations


You had 4 spell levels left.
You knew the following spells:

 Your Spells              Type           Power      Damage    Failure   Level
a - Magic Dart            Conj           100%       1d8       1%          1
b - Slow                  Hex            60%        N/A       3%          1
c - Call Imp              Summ           29%        N/A       1%          2
d - Blink                 Tloc           36%        N/A       4%          2
e - Mephitic Cloud        Conj/Pois/Air  31%        N/A       2%          3
f - Dragon's Call         Summ           14%        N/A       100%        9
g - Fireball              Conj/Fire      21%        3d10      9%          5

Your spell library contained the following spells:

 Spells                   Type           Power      Damage    Failure   Level
 Conjure Flame            Conj/Fire      42%        6-21      1%          3
 Dazzling Flash           Conj/Hex       62%        N/A       2%          3
 Animate Skeleton         Necr           16%        N/A       8%          1
 Pain                     Necr           32%        1d5       8%          1
 Ensorcelled Hibernation  Hex/Ice        24%        N/A       9%          2
 Gell's Gravitas          Tloc           18%        N/A       9%          3
 Teleport Other           Tloc           18%        N/A       9%          3
 Portal Projectile        Hex/Tloc       34%        N/A       11%         3
 Spider Form              Tmut/Pois      17%        N/A       11%         3
 Tukima's Dance           Hex            15%        N/A       12%         3
 Vampiric Draining        Necr           8%         2d6       24%         3
 Cause Fear               Hex            7%         N/A       36%         4
 Iskenderun's Battlesphe  Conj           46%        2d10      5%          5
 Silence                  Hex/Air        9%         N/A       58%         5
 Conjure Ball Lightning   Conj/Air       17%        3x3d6     65%         6
 Orb of Destruction       Conj           23%        9d10      86%         7
 Agony                    Necr           8%         N/A       91%         5
 Blade Hands              Tmut           4%         N/A       91%         5
 Excruciating Wounds      Necr           4%         N/A       91%         5
 Dispersal                Tloc           9%         N/A       99%         6
 Dragon Form              Tmut           4%         N/A       100%        7


Dungeon Overview and Level Annotations

Branches:
Dungeon (12/15)            Temple (1/1) D:6            Lair (2/6) D:11
  Swamp (0/4) Lair:2          Orc (1/2) D:12        Ossuary (visited)
  Snake: Lair:2-4    Spider: Lair:2-4

Altars:
Cheibriados
Elyvilon
Fedhas
Gozag
Hepliaklqana
Kikubaaqudgha
Makhleb
Nemelex Xobeh
Okawaru
Qazlal
Ru
Sif Muna
Trog
Wu Jian
Xom
Yredelemnul
Zin
Beogh

Shops:
D:5 [

Annotations:
D:3 Terence
D:10 Sonja


Innate Abilities, Weirdness & Mutations

You have a moderately thin skeletal structure. (Dex +4, Stealth++)
A demonic guardian rushes to your aid.
You regenerate a little health from kills.
You have a tail ending in a sharp stinger.


Message History

Your shadow imp disappears in a puff of smoke!
The black mamba closely misses you. A mysterious force pulls you upwards.
The hatch slams shut behind you.
You feel very sick.
You take 3 damage, and have 21/92 hp.
You feel better. The black mamba bites you.
You regained 10 hp, and now have 31/92 hp.
You miss the black mamba.
Your tail-slap misses the black mamba.
The black mamba is lightly wounded.
The black mamba bites you but does no damage.
The black mamba bites you.
You take 2 damage, and have 29/92 hp.
You closely miss the black mamba.
The black mamba is lightly wounded.
The black mamba bites you but does no damage.
The black mamba misses you.
Casting: Call Imp (safe; 1% risk of failure)
Confirm with . or Enter, or press ? or * to list all spells.
A beastly little devil appears in a puff of flame.
The black mamba bites you!
* * * LOW HITPOINT WARNING * * *
You are poisoned.
The black mamba poisons you!
The black mamba bites you but does no damage.
You take 10 damage, and have 20/92 hp.
You now have 3/24 mp.
You miss the black mamba.
The black mamba is lightly wounded.
You feel very sick. The black mamba barely misses you. x2
You take 3 damage, and have 17/92 hp.
You miss the black mamba.
The black mamba is lightly wounded.
You feel very sick. The black mamba barely misses you.
The black mamba bites you!
* * * LOW HITPOINT WARNING * * *
A demonic guardian appears!
Your crimson imp hits the black mamba.
You take 16 damage, and have 1/92 hp.
Okay, then.
You swap places.
You die...

## #..............#
.#.#####.............##
....#.#..............#
...............#....###
...............##....#
................##.####
#................####
##............4S..##
#............@.5...#
#................##
#...............##
#...............P#
#P.#...............##
...................#
..####...^......#..#
####.......##.#
##.....###.#


You could see a black mamba (ally target), a friendly hellwing (summoned) and a
friendly crimson imp (summoned).

Vanquished Creatures
  A hydra (D:12)
  A two-headed ogre (D:12)
  Joseph (D:7)
  2 cane toads (Lair:2)
  2 trolls
  A queen bee (D:8)
  2 slime creatures
  A vampire (D:11)
  A shadow (D:12)
  Sigmund (D:6)
  5 yaks
  A basilisk (D:11)
  Menkaure (D:7)
  Edmund (D:5)
  2 wargs
  2 acid dragons
  2 water moccasins
  Duvessa (D:7)
  6 orc warriors
  A hornet zombie (D:8)
  A sky beast (D:6)
  A black bear (D:5)
  2 necrophages
  A centaur (D:9)
  3 ogres
  2 gnoll sergeants
  3 scorpions
  A bullfrog (D:9)
  A water moccasin skeleton (D:6)
  Dowan (D:7)
  9 killer bees (D:8)
  4 wights
  3 electric eels
  4 howler monkeys
  3 centaur zombies
  A bullfrog skeleton (D:4)
  A bullfrog zombie (D:5)
  3 orc priests
  A hound (D:5)
  A jelly (D:7)
  2 iguanas
  3 orc wizards
  A hound zombie (D:5)
  2 mummies (Ossuary)
  3 adders
  2 white imps
  An ufetubus (D:5)
  An adder skeleton (D:4)
  A worm (D:11)
  2 dart slugs
  18 orcs
  6 endoplasms
  2 giant cockroaches
  6 goblins
  2 hobgoblins
  A jackal (D:2)
  9 kobolds
  4 quokkas
  11 ball pythons
  9 bats
  3 hobgoblin zombies (Ossuary)
  A kobold zombie (Ossuary)
  An orc zombie (Ossuary)
  A rat (D:2)
173 creatures vanquished.

Vanquished Creatures (collateral kills)
  A hydra (D:12)
  2 two-headed ogres
  Pikel (D:4)
  A deep elf zephyrmancer (D:6)
  An ugly thing (D:12)
  A manticore (D:12)
  Maggie (D:7)
  2 komodo dragons
  A hornet (D:10)
  Grinder (D:6)
  2 slime creatures
  2 shadows
  3 yaks (D:11)
  Eustachio (D:6)
  A wyvern (D:9)
  2 water moccasins
  An ice beast (D:6)
  6 orc warriors
  3 black bears
  A sky beast (D:5)
  4 ogres
  A centaur (D:9)
  2 lemures (D:4)
  2 kobold brigands
  A gnoll sergeant (D:10)
  A wyvern zombie (D:8)
  3 scorpions
  3 killer bees (D:8)
  A wight (D:9)
  3 howler monkeys
  2 centaur zombies
  A hound (D:5)
  3 orc priests
  Crazy Yiuf (D:6)
  A bullfrog skeleton (D:7)
  3 orc wizards
  6 mummies (Ossuary)
  3 gnolls (D:8)
  2 adders
  11 orcs
  An endoplasm (D:6)
  2 gnoll zombies (Ossuary)
  6 kobolds
  An orc zombie (Ossuary)
98 creatures vanquished.

Vanquished Creatures (others)
  2 orc wizards (D:6)
  5 fungi (Lair:2)
  55 plants
62 creatures vanquished.

Grand Total: 333 creatures vanquished

Notes
Turn   | Place    | Note
-------+----------+-------------------------------------------
     0 | D:1      | jasper the Demonspawn Hedge Wizard began the quest for the
                  | Orb.
     0 | D:1      | Reached XP level 1. HP: 13/13 MP: 4/4
   111 | D:1      | Found a faded altar of an unknown god.
   281 | D:1      | Gained mutation: A weak demonic guardian rushes to your
                  | aid. [demonic ancestry]
   281 | D:1      | Reached XP level 2. HP: 19/19 MP: 3/6
   283 | D:1      | Learned a level 1 spell: Slow
   286 | D:1      | Learned a level 2 spell: Call Imp
   289 | D:1      | Learned a level 2 spell: Blink
  1140 | D:2      | Found an ancient bone altar of Kikubaaqudgha.
  1153 | D:2      | Reached XP level 3. HP: 18/24 MP: 1/7
  2206 | D:3      | Learned a level 3 spell: Mephitic Cloud
  2466 | D:3      | Reached XP level 4. HP: 30/30 MP: 7/9
  2495 | D:3      | Noticed Terence
  2807 | D:4      | Found an iron altar of Okawaru.
  2827 | D:4      | Noticed an ogre
  2937 | D:3      | Reached skill level 1 in Translocations
  3803 | D:4      | Killed an ogre
  3804 | D:4      | Reached skill level 1 in Hexes
  3804 | D:4      | Reached skill level 1 in Air Magic
  3804 | D:4      | Reached skill level 1 in Poison Magic
  3804 | D:4      | Gained mutation: You have a somewhat thin skeletal
                  | structure. (Dex +2, Stealth+) [demonic ancestry]
  3804 | D:4      | Reached XP level 5. HP: 33/35 MP: 1/10
  3924 | D:4      | Noticed an ogre
  3944 | D:4      | Found an opulent altar of Gozag.
  3957 | D:4      | Killed an ogre
  3958 | D:4      | Gained mutation: You regenerate a little health from kills.
                  | [demonic ancestry]
  3958 | D:4      | Reached XP level 6. HP: 41/41 MP: 8/11
  4547 | D:4      | Identified the +0 robe of the Morning Star {rF- Will+++
                  | Regen+ rCorr}
  5282 | D:5      | Entered Level 5 of the Dungeon
  5288 | D:5      | Found Ziohai's Armour Boutique.
  5288 | D:5      | Noticed Edmund
  5368 | D:5      | Gained mutation: You have a small tail. [demonic ancestry]
  5368 | D:5      | Reached XP level 7. HP: 46/46 MP: 0/12
  5461 | D:5      | Killed Edmund
  5744 | D:5      | Reached skill level 1 in Fighting
  5744 | D:5      | Gained mutation: A demonic guardian rushes to your aid.
                  | [demonic ancestry]
  5744 | D:5      | Reached XP level 8. HP: 15/54 MP: 10/13
  5863 | D:5      | Noticed Pikel
  6031 | D:4      | Killed Pikel
  6032 | D:4      | Reached skill level 5 in Spellcasting
  6672 | D:6      | Reached skill level 5 in Fighting
  6675 | D:6      | Reached XP level 9. HP: 68/68 MP: 16/18
  6734 | D:6      | Noticed Eustachio
  6737 | D:6      | Found a staircase to the Ecumenical Temple.
  6742 | D:6      | Killed Eustachio
  6751 | D:6      | Noticed Sigmund
  6778 | Temple   | Entered the Ecumenical Temple
  6861 | Temple   | Became a worshipper of Sif Muna the Loreminder
  6997 | D:6      | Killed Sigmund
  6998 | D:6      | Reached skill level 1 in Invocations
  7044 | D:6      | Found a sand-covered staircase.
  7051 | Ossuary  | Entered an ossuary
  7506 | D:6      | Found a sparkling altar of Nemelex Xobeh.
  7771 | D:6      | Found a snail-covered altar of Cheibriados.
  7834 | D:6      | Noticed Grinder
  7847 | D:6      | Killed Grinder
  7872 | D:6      | Found a runed translucent door.
  7873 | D:6      | Noticed Crazy Yiuf
  8028 | D:6      | Noticed a deep elf zephyrmancer
  8034 | D:6      | HP: 3/69 [deep elf zephyrmancer/bolt of lightning (29)]
  8035 | D:6      | Killed a deep elf zephyrmancer
  8036 | D:6      | Reached skill level 5 in Invocations
  8208 | D:6      | Killed Crazy Yiuf
  8208 | D:6      | Reached * piety under Sif Muna
  8587 | D:7      | Found an ornate altar of the Wu Jian Council.
  8763 | D:7      | Gained mutation: You have a tail ending in a sharp stinger.
                  | [demonic ancestry]
  8763 | D:7      | Reached XP level 10. HP: 77/77 MP: 20/20
  9003 | D:7      | Noticed Duvessa
 10297 | D:9      | Noticed a two-headed ogre
 10381 | D:9      | Identified the +5 short sword "Civvit" {holy, *Rage rF++
                  | Int+6}
 10385 | D:9      | Reached ** piety under Sif Muna
 10558 | D:9      | Killed a two-headed ogre
 10803 | D:9      | Reached skill level 5 in Dodging
 11108 | D:10     | Entered Level 10 of the Dungeon
 11382 | D:9      | Learned a level 9 spell: Dragon's Call
 11422 | D:10     | Found a bloodstained altar of Trog.
 11837 | D:10     | Learned a level 5 spell: Fireball
 11874 | D:10     | Reached XP level 11. HP: 46/85 MP: 19/23
 11993 | D:10     | Paralysed by a hornet for 1 turns
 11996 | D:10     | Reached skill level 1 in Fire Magic
 12073 | D:10     | Reached skill level 5 in Conjurations
 12370 | D:11     | Found a snail-covered altar of Cheibriados.
 12810 | D:11     | Noticed Sonja
 12902 | D:11     | Found a staircase to the Lair.
 13396 | D:11     | Noticed a two-headed ogre
 13415 | D:11     | Killed a two-headed ogre
 13803 | D:12     | Noticed an eight-headed hydra
 13815 | D:12     | Killed an eight-headed hydra
 13974 | Lair:1   | Entered Level 1 of the Lair of Beasts
 14298 | Lair:1   | Noticed an ice dragon
 14555 | D:7      | Noticed Maggie
 14575 | D:7      | Killed Maggie
 14805 | D:7      | Noticed Joseph
 14825 | D:7      | Killed Joseph
 14826 | D:7      | Reached skill level 5 in Fire Magic
 14826 | D:7      | Noticed Dowan
 14858 | D:7      | Killed Dowan
 14859 | D:7      | Killed Duvessa
 15111 | D:7      | Noticed Menkaure
 15120 | D:7      | Killed Menkaure
 15509 | D:12     | Found a staircase to the Orcish Mines.
 15850 | D:12     | Noticed a two-headed ogre
 15852 | D:12     | Reached *** piety under Sif Muna
 15860 | D:12     | Killed a two-headed ogre
 16701 | D:12     | Noticed a red ugly thing
 16712 | D:12     | Killed a red ugly thing
 16778 | D:12     | Gained mutation: You have a moderately thin skeletal
                  | structure. (Dex +4, Stealth++) [demonic ancestry]
 16778 | D:12     | Reached XP level 12. HP: 80/92 MP: 9/24
 16886 | D:12     | Noticed a six-headed hydra
 16892 | D:12     | Killed a six-headed hydra
 17223 | Orc:1    | Entered Level 1 of the Orcish Mines
 17237 | Orc:1    | Noticed an orc warlord
 17980 | Lair:1   | Noticed a four-headed hydra
 17987 | Lair:2   | Found a staircase to the Swamp.
 18295 | Lair:2   | Noticed a four-headed hydra
 18320 | Lair:1   | HP: 1/92 [black mamba (14)]
 18321 | Lair:1   | Succumbed to a black mamba's poison

Illustrated notes

Levels and vault maps discovered:
D:1:      tarquinn_simple_flora_water_b, layout_rooms,
          hellmonk_ecumenical_altar_heavens_door, serial_park_tiny_2
D:2:      layout_rooms, basic_altar, minmay_distorted
D:3:      layout_basic, serial_curves, eino_curves_04, eino_curves_01,
          eino_curves_01, eino_curves_02, minivault_14,
          minmay_misc_feat_hallway, minmay_fractal_squares_gapless_5,
          uniq_terence
D:4:      layout_cave_pods, lemuel_doored_altar, mainiacjoe_overflow_brackets,
          minmay_bisected
D:5:      layout_loops_ring, serial_shops, shop_fountains, uniq_edmund,
          uniq_pikel
D:6:      layout_basic, nemelex_dance_club_becter, kennysheep_mini_moat,
          minmay_temple_entry_statues, enter_ossuary_1,
          guppyfry_early_elven_hall, uniq_crazy_yiuf_cottage, uniq_grinder,
          uniq_eustachio, uniq_sigmund
D:7:      layout_basic, mainiacjoe_overflow_paths, hex_large,
          minmay_misc_feat_more_columns, kennysheep_donut,
          kennysheep_decorative_pillar, uniq_duvessa, uniq_menkaure,
          uniq_joseph, uniq_maggie
D:8:      layout_basic, nicolae_looking_at_the_future
D:9:      minmay_spotlight, layout_loops_ring
D:10:     layout_stronghold, amethyst_overflow_temple_binary, st_stairs_9
D:11:     layout_cave_pools, lair_entry_dummy, serial_column_ruins,
          column_ruins_columns_straight, column_ruins_open_tiny,
          column_ruins_columns_water, minivault_1, cheibrodos_worm_habitat,
          uniq_sonja
D:12:     layout_long_grid, minmay_orc_entry_temple_small
Temple:   regret_index_temple_waves
Lair:1:   dragon1_lemuel, layout_cave_pods, beast_lair_carwin_7, uniq_gastronok
Lair:2:   layout_roguey, swamp_mist_pool, guppyfry_snake_entry_garden,
          serial_bayou, serial_bayou_pond_c, serial_bayou_shore_a,
          serial_bayou_pond_c, serial_bayou_pond_a, patterned_corridor,
          serial_bayou_shore_b
Orc:1:    nicolae_orc_accident_1, layout_caves, serial_shops, shop,
          mines4_lemuel

Skill      XL: |  1  2  3  4  5  6  7  8  9 10 11 12 |
---------------+-------------------------------------+-----
Conjurations   | 2 3 4 8 9 |  9.0
Translocations | 1 2 |  2.3
Hexes          | 1 |  1.7
Air Magic      | 1 2 3 |  3.6
Poison Magic   | 1 3 4 |  4.0
Summonings     | 2 4 |  4.9
Fighting       | 1 5 6 7 |  7.7
Spellcasting   | 6 7 8 |  8.1
Dodging        | 3 5 |  5.0
Invocations    | 6 9 |  9.6
Fire Magic     | 6 7 |  7.0
Stealth        | |  1.7

Action                   |  1- 3 |  4- 6 |  7- 9 | 10-12 || total
-------------------------+-------+-------+-------+-------++-------
Melee: Dagger            |     8 |       |       |       ||     8
       Short sword       |    11 |    15 |       |       ||    26
       Hand axe          |       |    66 |   254 |    45 ||   365
       Tailslap          |       |       |    27 |    71 ||    98
       Spear             |       |       |       |   449 ||   449
 Cast: Magic Dart        |    87 |    46 |     3 |    50 ||   186
       Call Imp          |     1 |    42 |    68 |   143 ||   254
       Blink             |     1 |       |       |       ||     1
       Mephitic Cloud    |       |       |       |     5 ||     5
       Fireball          |       |       |       |    58 ||    58
       Slow              |       |       |       |     2 ||     2
Evoke: Wand              |       |       |       |     5 ||     5
  Use: Scroll            |     3 |     3 |     7 |    10 ||    23
       Potion            |     1 |       |       |     4 ||     5
 Stab: Distracted        |       |       |     2 |     4 ||     6
       Sleeping          |       |       |     3 |       ||     3
       Confused          |       |       |       |     2 ||     2
Armor: Robe              |    22 |    20 |   132 |   272 ||   446
Dodge: Dodged            |    44 |    54 |   232 |   495 ||   825

Table legend: (Time is in decaauts)
 A = Elapsed time spent in this place.
 B = Non-inter-level travel time spent in this place.
 C = Inter-level travel time spent in this place.
 D = Time resting spent in this place.
 E = Time spent auto-exploring this place.
 F = Levels seen in this place.
 G = Mean time per level.
                   A        B        C        D        E       F      G
               +--------+--------+--------+--------+--------+-----+--------+
         Total |  18555 |  17654 |    901 |   3903 |   9905 |  17 | 1091.5 |
       Dungeon |  17114 |  16261 |    853 |   3525 |   9272 |  12 | 1426.2 |
        Temple |    211 |    187 |     24 |    100 |     56 |   1 |  211.0 |
          Lair |    954 |    931 |     23 |    278 |    442 |   2 |  477.0 |
  Orcish Mines |     32 |     32 |      0 |      0 |      6 |   1 |   32.0 |
       Ossuary |    243 |    243 |      0 |      0 |    129 |   1 |  243.0 |
               +--------+--------+--------+--------+--------+-----+--------+

Top non-repeatable levels by time:
    D:11: 2364 daAuts
     D:4: 2020 daAuts
    D:12: 1810 daAuts
     D:7: 1521 daAuts
     D:6: 1397 daAuts
     D:3: 1384 daAuts
     D:8: 1247 daAuts
     D:5: 1165 daAuts
     D:1: 1107 daAuts
    D:10: 1048 daAuts
     D:9: 1043 daAuts
     D:2: 1002 daAuts
  Lair:1: 627 daAuts
  Lair:2: 327 daAuts
 Ossuary: 243 daAuts
